 Dungeon Crawl Stone Soup version 0.19-a0-926-g4486784 (webtiles) character file.

178 rageheart7 the Skirmisher (level 5, 0/64 HPs)
             Began as a Demonspawn Fighter on July 7, 2016.
             Slain by Sigmund
             ... wielding a +0 scythe
              (5 damage)
             ... on level 3 of the Dungeon.
             The game lasted 00:03:25 (1393 turns).

rageheart7 the Skirmisher (Demonspawn Fighter)      Turns: 1393, Time: 00:03:26

Health: 0/64       AC: 22    Str: 17    XL:     5   Next: 32%
Magic:  5/5        EV:  2    Int:  9    God:
Gold:   85         SH:  8    Dex: 13    Spells: 0 memorised, 4 levels left

rFire  . . .     SeeInvis .     a - +0 long sword
rCold  . . .     Gourm    .     (armour currently unavailable)
rNeg   + + +     Faith    .     c - +0 shield
rPois  +         Spirit   .     (helmet currently unavailable)
rElec  .         Dismiss  .     (cloak currently unavailable)
rCorr  .         Reflect  .     (gloves currently unavailable)
SustAt .         Harm     .     (boots currently unavailable)
MR     +....     NoTele   +     (no amulet)
Stlth  +.........               (no ring)
                                (no ring)

@: tree-form, somewhat resistant to hostile enchantments, very unstealthy
A: (antennae 0), (talons 0), (fire resistance 0), magic resistance 1, (sturdy
frame 0)
a: no special abilities


You were on level 3 of the Dungeon.
You were not hungry.
You were a tree.
You visited 1 branch of the dungeon, and saw 4 of its levels.

You collected 85 gold pieces.

Inventory:

Hand Weapons
 a - a +0 long sword (weapon)
Armour
 b - a +0 scale mail (melded)
 c - a +0 shield (worn)
Wands
 l - a wand of flame (19/48)
 n - a wand of iceblast (4/15)
Scrolls
 e - 4 scrolls of identify {unknown}
 o - a scroll of remove curse {unknown}
Potions
 p - a potion of brilliance {unknown}
Comestibles
 f - 2 bread rations
 g - a slice of pizza
 h - a beef jerky
 j - 5 chunks of flesh


   Skills:
 + Level 4.6 Fighting
 * Level 3.9 Long Blades
 - Level 2.6 Armour
 - Level 2.6 Shields


You had 4 spell levels left.
You didn't know any spells.

Dungeon Overview and Level Annotations

Branches:
Dungeon (4/15)
 Temple: D:4-7

Altars:

Annotations:
D:3 Sigmund


Innate Abilities, Weirdness & Mutations

((You have a pair of antennae on your head.))
((Your movements are slightly less encumbered by armour. (ER -2)))
((You have sharp toenails.))
((Your flesh is heat resistant. (rF+)))
You are resistant to hostile enchantments. (MR+)


Message History

Something hits you but does no damage.
It was a potion of lignification.
You turn into a tree.
Your +0 scale mail melds into your body.
Your roots penetrate the ground.
Something hits you.
* * * LOW HITPOINT WARNING * * *
You barely miss something. You closely miss something.
Something hits you but does no damage.
You closely miss something. Something hits you but does no damage.
You miss something. Something hits you.
* * * LOW HITPOINT WARNING * * *
You miss something. Something hits you but does no damage.
You slash something!
You hear some strange, mumbled words.
A puff of flame appears from out of thin air!
The puff of flame hits you!
* * * LOW HITPOINT WARNING * * *
You hit something. Something hits you but does no damage.
You closely miss something. You miss something. Something hits you.
You die...

#.#### #.# #.# #.# #.#
#.# #)# #.# #.# #)#
######.###.## #.#
#...........# #(#
#.####.###.## ##(##
###...#...# ....#
#.......#.###### ##(.###
#.#...#.♣{......
..(...#.....<..########.
.............#.#
#>....###.##.#.#
.......##. #.#.#
.......##. #....
.......# #.... #.....##
#..... ##.....#


There were no monsters in sight!

Vanquished Creatures
  An ogre (D:4)
  A worker ant (D:4)
  2 adders
  An ooze (D:3)
  An adder skeleton (D:4)
  A worm (D:2)
  3 giant geckos
  4 orcs (D:3)
  3 ball pythons
  A giant cockroach (D:2)
  A goblin (D:3)
  3 hobgoblins
  5 jackals
  2 quokkas
  3 bats
  6 giant newts
  3 kobolds (D:2)
  A rat (D:3)
42 creatures vanquished.

Notes
Turn   | Place    | Note
-------+----------+-------------------------------------------
     0 | D:1      | rageheart7 the Demonspawn Fighter began the quest for the Orb.
     0 | D:1      | Reached XP level 1. HP: 18/18 MP: 1/1
   453 | D:1      | Gained mutation: Your movements are slightly less encumbered by armour. (ER -2) [demonic ancestry]
   453 | D:1      | Reached XP level 2. HP: 24/24 MP: 2/2
   641 | D:2      | Gained mutation: You have a pair of small antennae on your head. [demonic ancestry]
   641 | D:2      | Reached XP level 3. HP: 25/29 MP: 3/3
   845 | D:2      | You fall through a shaft for 2 floors!
   850 | D:4      | Noticed an ogre
   872 | D:4      | Killed an ogre
   872 | D:4      | Reached skill level 4 in Fighting
   872 | D:4      | Reached XP level 4. HP: 37/37 MP: 4/4
   952 | D:4      | Gained mutation: You have a pair of antennae on your head. [demonic ancestry]
   952 | D:4      | Reached XP level 5. HP: 42/43 MP: 5/5
  1370 | D:3      | Noticed Sigmund
  1374 | D:3      | Gained mutation: Your flesh is heat resistant. (rF+) [potion of mutation]
  1374 | D:3      | Gained mutation: You have sharp toenails. [potion of mutation]
  1374 | D:3      | Gained mutation: You are resistant to hostile enchantments. (MR+) [potion of mutation]
  1393 | D:3      | Slain by Sigmund

Vault maps used:
D:1:      eino_arrival_water_cross, serial_park_tiny_pond
D:3:      lemuel_doored_altar, uniq_sigmund
D:4:      lemuel_zombie_altar_yredelemnul, minmay_goblin_kobold_house

Skill      XL: |  1  2  3 |
---------------+----------+-----
Long Blades    | 2 3 |  3.9
Fighting       | 4 |  4.6
Armour         | |  2.6
Shields        | |  2.6

Action                   |  1- 3 |  4- 6 || total
-------------------------+-------+-------++-------
Melee: Long sword        |    92 |    89 ||   181
       Kick              |       |     2 ||     2
  Use: Potion            |     1 |     4 ||     5
  Eat: Chunk             |       |     2 ||     2
Armor: Scale mail        |    40 |    26 ||    66
       Skin              |       |     3 ||     3
Dodge: Dodged            |    28 |    29 ||    57
Block: Shield            |    44 |    23 ||    67
